 Dungeon Crawl Stone Soup version 0.25-a0-471-g78e40d7af6 (webtiles) character file.

Game seed: 2427505681325358667, levelgen mode: deterministic

63 MrRokkomies the Chiller (level 3, -5/24 HPs)
             Began as a Vampire Ice Elementalist on Feb 6, 2020.
             Killed by divine providence
             ... invoked by an orc priest
              (10 damage)
             ... on level 3 of the Dungeon.
             The game lasted 00:03:26 (1476 turns).

MrRokkomies the Chiller (Vampire Ice Elementalist)  Turns: 1476, Time: 00:03:26

Health: -5/24      AC:  4    Str:  8    XL:     3   Next: 87%
Magic:  5/6        EV: 12    Int: 17    God:
Gold:   65         SH:  3    Dex: 14    Spells: 2/6 levels left

rFire    . . .     SeeInvis +   a - +0 dagger (venom)
rCold    . . .     Gourm    .   d - +0 buckler
rNeg     . . .     Faith    .   b - +0 robe
rPois    .         Spirit   .   (no helmet)
rElec    .         Reflect  .   (no cloak)
rCorr    .         Harm     .   (no gloves)
MR       .....                  f - +1 pair of boots
Stlth    +++.......             (no amulet)
HPRegen  0.28/turn              (no ring)
MPRegen  0.10/turn              (no ring)

@: regenerating quickly
A: no food, fangs 3, see invisible, unbreathing
a: Exsanguinate


You were on level 3 of the Dungeon.
You were alive.

You visited 1 branch of the dungeon, and saw 3 of its levels.

You collected 65 gold pieces.

Inventory:

Hand Weapons
 a - a +0 dagger of venom (weapon)
Armour
 b - a +0 robe (worn)
 d - a +0 buckler (worn)
 f - a +1 pair of boots (worn)
Scrolls
 c - a scroll of fear {unknown}
 e - a scroll of teleportation
 h - a scroll of amnesia
Potions
 g - a potion of mutation
 i - a potion of haste {unknown}
 j - a potion of agility {unknown}


   Skills:
 + Level 2.9 Dodging
 + Level 4.2 Stealth
 + Level 0.0 Shields
 - Level 2.0 Spellcasting
 * Level 4.8 Ice Magic


You had 2 spell levels left.
You knew the following spells:

 Your Spells              Type           Power        Failure   Level  Hunger
a - Freeze                Ice            ###.         4%          1    N/A
b - Frozen Ramparts       Ice            ###...       13%         3    N/A

Your spell library contained the following spells:

 Spells                   Type           Power        Failure   Level  Hunger
 Ozocubu's Armour         Chrm/Ice       #.......     34%         3    N/A
 Hailstorm                Conj/Ice       #.......     75%         4    N/A
 Summon Ice Beast         Ice/Summ       #.......     75%         4    N/A

Dungeon Overview and Level Annotations

Branches:
Dungeon (3/15)

Altars:


Innate Abilities, Weirdness & Mutations

You do not eat.
Your natural rate of healing is unusually fast.
You have razor-sharp teeth.
You have supernaturally acute eyesight. (SInv)
You can survive without breathing.


Message History

The frozen ramparts melt away.
The orc hits you. The orc hits you with a +0 whip!
The orc hits you with a +0 whip.
There is a fountain of sparkling water here.
The orc is no longer encased in ice.
The orc priest calls upon Beogh to heal the orc.
The orc's wounds heal themselves!
The orc priest calls upon Beogh to heal the orc.
The orc's wounds heal themselves!
There is an open door here.
The orc barely misses you.
The orc looks more healthy.
The orc priest mumbles some strange prayers to Beogh against you.
Beogh smites you!
* * * LOW HITPOINT WARNING * * *
Things that are here:
a +0 club; a hobgoblin corpse The orc priest invokes the aid of Beogh against you.
Beogh smites you!
You die...

#######.. #........
##.#####.. ######
#..#...#.. #....#
#..o.⌠.o.# #....#
#..#...#.#
#####....#######..#####.#
.........o)o.o...........
###...@#########......#
#....# ######.#
########....### ...
#............<.# ...
#.<............# ...
#........#.....# ...o
#........#.....#
#........#.....#
#........#.....#


You could see an orc priest and 2 orcs.

Vanquished Creatures
  An adder (D:2)
  A worm (D:2)
  3 dart slugs
  2 leopard geckos
  A ball python (D:1)
  3 bats
  A giant cockroach (D:1)
  6 goblins
  4 hobgoblins
  5 jackals
  4 kobolds
  4 frilled lizards
  4 rats
39 creatures vanquished.

Notes
Turn   | Place    | Note
-------+----------+-------------------------------------------
     0 | D:1      | MrRokkomies the Vampire Ice Elementalist began the quest
                  | for the Orb.
     0 | D:1      | Reached XP level 1. HP: 13/13 MP: 3/3
   161 | D:1      | Reached XP level 2. HP: 19/19 MP: 5/5
   501 | D:1      | Reached XP level 3. HP: 18/24 MP: 6/6
   506 | D:1      | Learned a level 3 spell: Frozen Ramparts
  1476 | D:3      | Killed from afar by an orc priest

Levels and vault maps discovered:
D:1:      ncdulo_wetmaze, layout_basic
D:2:      layout_loops_ring, minmay_misc_feat_five
D:3:      layout_basic, first_ration, minmay_misc_feat_room

Skill      XL: |  1  2  3 |
---------------+----------+-----
Stealth        | 4 |  4.2
Dodging        | |  2.9
Spellcasting   | |  2.0
Ice Magic      | |  4.8

Action                   || total
-------------------------++-------
Melee: Unarmed           ||    11
       Dagger            ||    82
       Bite              ||     3
 Cast: Freeze            ||     8
       Frozen Ramparts   ||     2
  Use: Scroll            ||     5
 Stab: Sleeping          ||    10
Armor: Robe              ||    15
Dodge: Dodged            ||    58

Table legend:
 A = Non-vault XP
 B = Vault XP
 C = Vault XP percentage of total XP
 D = Non-vault monster count
 E = Vault monster count
 F = Vault count percentage of total count
                 A         B        C        D         E       F
            +---------+---------+-------+---------+---------+-------
      Total |      90 |       0 |   0.0 |      39 |       0 |   0.0
            +---------+---------+-------+---------+---------+-------
        D:1 |      47 |       0 |   0.0 |      24 |       0 |   0.0
        D:2 |      37 |       0 |   0.0 |      12 |       0 |   0.0
        D:3 |       6 |       0 |   0.0 |       3 |       0 |   0.0
            +---------+---------+-------+---------+---------+-------
